 Dungeon Crawl Stone Soup version 0.22.0-32-gbc6daba (webtiles) character file.

1288 Monsterracer the Shooter (level 8, -6/48 HPs)
             Began as a Deep Elf Arcane Marksman on Aug 23, 2018.
             Was a Follower of Okawaru.
             Killed from afar by a steam dragon (11 damage)
             ... with a ball of steam
             ... on level 6 of the Dungeon on Aug 24, 2018.
             The game lasted 00:12:42 (8839 turns).

Monsterracer the Shooter (Deep Elf Arcane Marksman) Turns: 8839, Time: 00:12:42

Health: -6/48      AC:  9    Str: 11    XL:     8   Next: 30%
Magic:  11/13      EV: 14    Int: 19    God:    Okawaru [*.....]
Gold:   438        SH:  0    Dex: 15    Spells: 3/10 levels left

rFire    . . .     SeeInvis .   a - +0 shortbow
rCold    . . .     Gourm    +   (shield currently unavailable)
rNeg     . . .     Faith    .   h - +0 ring mail
rPois    .         Spirit   .   t - +1 helmet
rElec    .         Reflect  .   (no cloak)
rCorr    .         Harm     .   g - +0 pair of gloves
MR       .....                  (no boots)
Stlth    ++........             q - amulet of the gourmand
HPRegen  0.16/turn              f - +2 ring of strength
MPRegen  0.13/turn              (no ring)

@: about to teleport, heroism
A: no striking features
a: Heroism, Renounce Religion


You were on level 6 of the Dungeon.
You worshipped Okawaru.
Okawaru was aware of your devotion.
You were very full.

You visited 1 branch of the dungeon, and saw 6 of its levels.

You collected 438 gold pieces.

Inventory:

Hand Weapons
 a - a +0 shortbow (weapon)
 b - a +1 dagger of venom
Missiles
 d - 98 arrows (quivered)
Armour
 g - a +0 pair of gloves (worn)
 h - a +0 ring mail (worn)
 t - a +1 helmet (worn)
Jewellery
 f - a +2 ring of strength (left hand)
 m - an uncursed ring of ice
 q - an amulet of the gourmand (around neck)
Wands
 j - a wand of digging (10)
 l - a wand of flame (18)
Scrolls
 i - a scroll of enchant weapon
 k - 2 scrolls of teleportation {!r}
 n - 4 scrolls of amnesia
 r - 5 scrolls of remove curse
Potions
 e - 3 potions of curing
 o - 2 potions of mutation {!q}
 p - a potion of cancellation {unknown}
 s - a potion of flight
 u - a potion of resistance
Comestibles
 c - 11 rations


   Skills:
 + Level 3.9(8.9) Fighting
 + Level 3.3(8.3) Short Blades
 * Level 7.9(12.9) Bows
 - Level 2.4(7.4) Dodging
 - Level 1.5 Spellcasting
 - Level 4.0 Hexes
 + Level 4.2 Invocations


You had 3 spell levels left.
You knew the following spells:

 Your Spells              Type           Power        Failure   Level  Hunger
c - Portal Projectile     Hex/Tloc       #.....       45%         3    ####...
w - Cause Fear            Hex            ###.......   58%         4    #####..

Your spell library contained the following spells:

 Spells                   Type           Power        Failure   Level  Hunger
 Corona                   Hex            ###....      8%          1    ##.....
 Slow                     Hex            ###.....     12%         2    ###....
 Inner Flame              Hex/Fire       #.......     45%         3    ####...
 Leda's Liquefaction      Hex/Erth       #.........   86%         4    #####..


Dungeon Overview and Level Annotations

Branches:
Dungeon (6/15)             Temple (0/1) D:6

Altars:
Hepliaklqana
Okawaru
Trog
Uskayaw
Vehumet
Wu Jian
Zin


Message History

You shoot an arrow. The arrow barely misses the adder.
The adder bites you but does no damage.
Firing (i - inventory)
d - 81 arrows (quivered)
Press: ? - help, Shift-Dir - straight line, f/p - adder
Aim: an adder (lightly wounded)
You shoot an arrow. The arrow hits the adder.
The adder is moderately wounded.
The adder bites you but does no damage. x2
An adder is nearby!
Firing (i - inventory)
d - 80 arrows (quivered)
Press: ? - help, Shift-Dir - straight line, f/p - adder
Aim: an adder (moderately wounded)
You shoot an arrow. The arrow misses the adder.
The adder bites you but does no damage.
An adder is nearby!
Firing (i - inventory)
d - 79 arrows (quivered)
Press: ? - help, Shift-Dir - straight line, f/p - adder
Aim: an adder (moderately wounded)
You shoot an arrow. The arrow hits the adder!
You kill the adder!
Okawaru accepts your kill.
d - 86 arrows (gained 8)
You see here 15 stones.
Key pressed, stopping explore.
No target in view!
No target in view!
You enter the shallow water.
Moving in this stuff is going to be slow.
You found an alarm trap!
No target in view!
d - 104 arrows (gained 18) Key pressed, stopping explore.
No target in view!
You enter the shallow water.
Moving in this stuff is going to be slow.
A steam dragon comes into view.
The steam dragon hisses angrily.
Firing (i - inventory)
d - 104 arrows (quivered)
Press: ? - help, Shift-Dir - straight line, f - steam dragon
Aim: a steam dragon You shoot an arrow.
The arrow hits the steam dragon but does no damage.
A steam dragon comes into view.
Firing (i - inventory)
d - 103 arrows (quivered)
Press: ? - help, Shift-Dir - straight line, f/p - steam dragon
Aim: a steam dragon You shoot an arrow.
The steam dragon hisses angrily.
The arrow hits the steam dragon but does no damage.
You gain the combat prowess of a mighty hero.
The steam dragon breathes steam at you. The ball of steam hits you!
You take 18 damage, and have 30/48 hp.
MASSIVE DAMAGE!!
You now have 11/13 mp.
Firing (i - inventory)
d - 102 arrows (quivered)
Press: ? - help, Shift-Dir - straight line, f/p - steam dragon
Aim: a steam dragon (steam)
You shoot an arrow.
The arrow barely misses the steam dragon.
You are engulfed in a cloud of scalding steam.
Firing (i - inventory)
d - 101 arrows (quivered)
Press: ? - help, Shift-Dir - straight line, f/p - steam dragon
Aim: a steam dragon You shoot an arrow.
The arrow hits the steam dragon but does no damage.
You are engulfed in a cloud of scalding steam.
The fungus is engulfed in a cloud of scalding steam.
Firing (i - inventory)
d - 100 arrows (quivered)
Press: ? - help, Shift-Dir - straight line, f/p - steam dragon
Aim: a steam dragon You shoot an arrow.
The arrow hits the steam dragon but does no damage.
You are engulfed in a cloud of scalding steam.
The fungus is engulfed in a cloud of scalding steam. x3
You take 6 damage, and have 25/48 hp.
Firing (i - inventory)
d - 99 arrows (quivered)
Press: ? - help, Shift-Dir - straight line, f/p - steam dragon
Aim: a steam dragon (steam)
You shoot an arrow. The arrow hits the steam dragon.
The steam dragon is lightly wounded.
The fungus is engulfed in a cloud of scalding steam. x2
The steam dragon breathes steam at you. The ball of steam hits you!
* * * LOW HITPOINT WARNING * * *
You take 22 damage, and have 3/48 hp.
MASSIVE DAMAGE!!
Okay, then.
You feel better.
You are engulfed in a cloud of scalding steam.
* * * LOW HITPOINT WARNING * * *
The fungus is engulfed in a cloud of scalding steam.
The steam dragon misses you.
The steam dragon claws you but does no damage.
You regained 2 hp, and now have 5/48 hp.
The steam dragon misses you. The steam dragon closely misses you.
Really read
k - 3 scrolls of teleportation {!r}?
As you read the scroll of teleportation {!r}, it crumbles to dust.
You feel strangely unstable.
The fungus is engulfed in a cloud of scalding steam.
The steam dragon breathes steam at you. The ball of steam hits you!
You die...

.. #.#.##.#.. .#
#####.#.##.#.. .#
...........### .#
###.#.....†. .#
#.....^##.## .#
####...##.## .#####
#..###....## ..PPP###
#######..P. #.#####
..≈P.^≈#######§P@D§.PP..
##.....
..≈...^P≈.≈.§.§§.D(.§§(.
####..
.....^.....≈P§§≈P.P.≈(..
#.#
...P≈≈.≈≈≈^#########PP..
#.# ..^P########.# .≈.
## #.# ##### #.#.#.# P.
##.###.# #.#.#.# # #
#......# #.#.#.#.#.
##...... #...#.##.#
#.######...


You could see 2 steam dragons.

Vanquished Creatures
  Grinder (D:4)
  A sky beast (D:5)
  An ogre (D:5)
  A centaur (D:5)
  A howler monkey (D:4)
  A bullfrog skeleton (D:4)
  A centaur zombie (D:6)
  2 hounds
  An orc priest (D:6)
  2 orc wizards (D:6)
  Natasha (thrice) (D:3)
  5 worker ants
  Robin (D:3)
  10 gnolls
  16 adders
  3 shadow imps
  An ooze (D:3)
  2 adder skeletons (D:4)
  10 worms
  2 leopard geckos
  6 orcs
  A ball python (D:1)
  7 giant cockroaches
  8 hobgoblins
  6 quokkas
  8 bats
  9 frilled lizards
  13 goblins
  10 kobolds
  A quokka skeleton (D:6)
  3 rats (D:2)
137 creatures vanquished.

Notes
Turn   | Place    | Note
-------+----------+-------------------------------------------
     0 | D:1      | Monsterracer the Deep Elf Arcane Marksman began the quest for the Orb.
     0 | D:1      | Reached XP level 1. HP: 11/11 MP: 5/5
   261 | D:1      | Reached skill level 1 in Fighting
   438 | D:1      | Reached XP level 2. HP: 15/16 MP: 6/6
   478 | D:1      | HP: 8/16 [kobold/stone (2)]
   742 | D:1      | Reached skill level 3 in Bows
  1614 | D:2      | Found a glowing silver altar of Zin.
  1620 | D:2      | HP: 8/16 [adder (2)]
  1621 | D:2      | Reached XP level 3. HP: 10/20 MP: 7/7
  1625 | D:2      | HP: 8/20 [poisoned by an adder]
  1633 | D:2      | HP: 7/20 [poisoned by an adder]
  2047 | D:2      | HP: 10/20 [worm (4)]
  2048 | D:2      | HP: 1/20 [worm (9)]
  2682 | D:2      | HP: 10/21 [kobold (3)]
  2684 | D:2      | Reached skill level 4 in Bows
  3144 | D:3      | Reached XP level 4. HP: 26/26 MP: 8/8
  3153 | D:3      | Learned a level 3 spell: Portal Projectile
  3320 | D:3      | HP: 13/26 [worm (2)]
  3321 | D:3      | HP: 5/26 [worm (8)]
  3723 | D:3      | Found an iron altar of Okawaru.
  3744 | D:3      | Became a worshipper of Warmaster Okawaru
  3822 | D:3      | Reached XP level 5. HP: 16/30 MP: 9/9
  3823 | D:3      | HP: 15/30 [poisoned by an adder]
  3830 | D:3      | HP: 12/30 [poisoned by an adder]
  3900 | D:3      | Noticed Robin
  3921 | D:3      | HP: 14/30 [hobgoblin/club[Robin] (7)]
  3937 | D:2      | Reached skill level 5 in Bows
  4185 | D:3      | Noticed Natasha
  4195 | D:3      | Killed Natasha
  4195 | D:3      | Reached skill level 1 in Invocations
  4196 | D:3      | Found a radiant altar of Vehumet.
  4212 | D:3      | Noticed Natasha
  4217 | D:3      | HP: 9/31 [Natasha (8)]
  4227 | D:3      | Killed Natasha
  4279 | D:3      | Noticed Natasha
  4287 | D:3      | Killed Natasha
  4504 | D:3      | Found a hide-covered altar of Uskayaw.
  4586 | D:3      | Found a hazy altar of Hepliaklqana.
  4589 | D:3      | Found an ornate altar of the Wu Jian Council.
  4592 | D:3      | Found a bloodstained altar of Trog.
  4981 | D:3      | HP: 15/31 [goblin[Robin] (3)]
  4986 | D:3      | HP: 7/31 [goblin/dagger[Robin] (5)]
  5244 | D:3      | Killed Robin
  5244 | D:3      | Reached XP level 6. HP: 36/36 MP: 10/10
  5499 | D:4      | HP: 16/36 [gnoll/spear (4)]
  5518 | D:4      | HP: 17/36 [worker ant (1)]
  5523 | D:4      | HP: 13/36 [worker ant (1)]
  5575 | D:4      | HP: 18/36 [howler monkey (1)]
  5591 | D:4      | Noticed Grinder
  5612 | D:4      | HP: 18/36 [bullfrog skeleton (1)]
  5635 | D:4      | Reached skill level 1 in Short Blades
  5637 | D:4      | HP: 16/36 [worm (5)]
  5902 | D:4      | Reached skill level 6 in Bows
  5925 | D:4      | HP: 18/36 [Grinder/nerve-wracking pain (4)]
  5929 | D:4      | HP: 6/36 [Grinder/nerve-wracking pain (6)]
  5935 | D:4      | HP: 18/36 [Grinder/nerve-wracking pain (3)]
  5939 | D:4      | Killed Grinder
  5939 | D:4      | Reached * piety under Okawaru
  5939 | D:4      | Reached XP level 7. HP: 21/41 MP: 11/11
  6715 | D:5      | Entered Level 5 of the Dungeon
  6921 | D:5      | HP: 16/41 [centaur (5)]
  6926 | D:5      | HP: 5/41 [centaur (4)]
  6928 | D:5      | Reached skill level 7 in Bows
  7887 | D:5      | Reached XP level 8. HP: 47/47 MP: 12/12
  7923 | D:5      | Learned a level 4 spell: Cause Fear
  7984 | D:5      | HP: 21/47 [something (5)]
  8774 | D:6      | Found a staircase to the Ecumenical Temple.
  8836 | D:6      | HP: 3/48 [steam dragon/ball of steam (22)]
  8839 | D:6      | Killed from afar by a steam dragon

Skill      XL: |  1  2  3  4  5  6  7  8 |
---------------+-------------------------+-----
Fighting       | 1 2 3 |  3.9
Bows           | 3 4 5 6 7 |  7.9
Invocations    | 1 2 3 4 |  4.2
Short Blades   | 1 2 3 |  3.3
Dodging        | |  2.4
Spellcasting   | |  1.5
Hexes          | |  4.0

Action                   |  1- 3 |  4- 6 |  7- 9 || total
-------------------------+-------+-------+-------++-------
Melee: Short sword       |    97 |    34 |       ||   131
       Dagger            |       |    83 |   148 ||   231
 Fire: Shortbow          |    97 |   105 |   101 ||   303
Invok: Heroism           |       |       |     1 ||     1
Evoke: Wand              |       |       |     1 ||     1
  Use: Scroll            |       |    13 |     3 ||    16
       Potion            |       |     4 |     1 ||     5
  Eat: Chunk             |     8 |    17 |     8 ||    33
Armor: Ring mail         |    61 |    75 |    49 ||   185
Dodge: Dodged            |   111 |   132 |   108 ||   351

Vault maps used:
D:1:      mrwooster_arrival_statue, minmay_octomino_c4
D:2:      kennysheep_big_flooded_room, nicolae_overflow_hidden_temple
D:3:      vehumet_crystals, grunt_temple_overflow_cloverleaf,
          okawaru_ov_weapons_minmay, uniq_natasha, uniq_robin
D:4:      first_ration, uniq_grinder
D:6:      kennysheep_steamy, minmay_temple_entry_statues_fountains, minivault_11
